 Dungeon Crawl Stone Soup version 0.28-a0-2-g643f2454ad (webtiles) character file.

Game seed: 9714495873284579595

23 Wyvernaa the Cudgeller (level 3, 29/29 HPs)
             Began as a Human Berserker on July 22, 2021.
             Was a Follower of Trog.
             Got out of the dungeon alive.
             The game lasted 00:02:01 (1294 turns).

Wyvernaa the Cudgeller (Human Berserker)            Turns: 1294, Time: 00:02:02

Health: 29/29      AC:  2    Str: 18    XL:     3   Next: 12%
Magic:  3/3        EV: 12    Int:  7    God:    Trog [*.....]
Gold:   44         SH:  0    Dex: 12    Spells: 2/2 levels left

rFire   . . .      SeeInvis .   a - +0 mace
rCold   + . .      Faith    .   (no shield)
rNeg    . . .      Spirit   .   b - +0 animal skin
rPois   .          Reflect  .   (no helmet)
rElec   .          Harm     .   (no cloak)
rCorr   .          Rampage  .   (no gloves)
Will    .....                   (no boots)
Stlth   +.........              (no amulet)
HPRegen 0.09/turn               e - ring of protection from cold
MPRegen 0.08/turn               (no ring)

@: no status effects
A: no striking features
a: Renounce Religion, Berserk


You escaped.
You worshipped Trog.
Trog was aware of your devotion.
You visited 1 branch of the dungeon, and saw 1 of its levels.

You collected 44 gold pieces.

Inventory:

Hand Weapons
 a - a +0 mace (weapon)
Armour
 b - a +0 animal skin (worn)
Jewellery
 e - a ring of protection from cold (left hand)
Scrolls
 d - a scroll of teleportation {unknown}
 g - a scroll of identify {unknown}
Potions
 c - a potion of berserk rage {unknown}
 f - a potion of curing {unknown}


   Skills:
 + Level 3.3 Fighting
 + Level 3.6 Maces & Flails
 + Level 2.1 Armour
 + Level 2.1 Dodging


You had 2 spell levels left.
You didn't know any spells.
Your spell library was empty.

Dungeon Overview and Level Annotations

Branches:
Dungeon (1/15)

Altars:


Message History

You hit the frilled lizard.
The frilled lizard is heavily wounded.
The frilled lizard bites you. The frilled lizard closely misses you.
You sock the frilled lizard!
You kill the frilled lizard!
Trog accepts your kill.
No target in view!
No target in view!
No target in view!
You recover from your berserk rage.
HP restored.
There is a dry fountain here.
There is a fountain of clear blue water here.
There is a dry fountain here.
Found 4 stones.
Found a hunting sling.
You now have 32 gold pieces (gained 14).
g - a scroll labelled IDAMOG QEMILEC You now have 44 gold pieces (gained 12).
Found a stone staircase leading down.
You open the door.
There is an open door here.
Found a dagger.
A dart slug comes into view.
A dart slug is nearby!
A dart slug is nearby!
A dart slug is nearby!
You don't know any spells.
(D) Dungeon
Where to? (? - help)
Okay, then.
There is an open door here.
You open the door.
There is an open door here.
You see here a +0 ring mail.
There is an open door here.
You see here a +0 hunting sling.
There is a staircase leading out of the dungeon here.
Are you sure you want to leave the Dungeon?
This will make you lose the game!
You have escaped!

...## ##.# ###########.#
#..... ....#
#.###.......###.# #..###
..#.# #.......⌠.......#
#..... ..#.#
####..⌠...⌠..#### #.####
..#.## ##..(....## #.# #
###..# ##..⌠..## #.# # ##.#
##...## #.# # #.#
####...#### #.# #
#.#######....@....#######.#
#
#.#.....................#.#
#
#.#..⌠....⌠.....⌠....⌠..#.#
#.#.....⌠....#....⌠..(..#.#
#.##..⌠....#####....⌠..##.#
#..##....### ###....##..#
##..##>### ###>##..##
##..#################.)##
##...................##


There were no monsters in sight!

Vanquished Creatures
  2 dart slugs (D:1)
  3 ball pythons (D:1)
  3 bats (D:1)
  3 quokkas (D:1)
  2 frilled lizards (D:1)
  A goblin (D:1)
  A kobold (D:1)
  6 rats (D:1)
21 creatures vanquished.

Notes
Turn   | Place    | Note
-------+----------+-------------------------------------------
     0 | D:1      | Wyvernaa the Human Berserker began the quest for the Orb.
     0 | D:1      | Reached XP level 1. HP: 18/18 MP: 1/1
   203 | D:1      | Reached XP level 2. HP: 20/24 MP: 2/2
   210 | D:1      | Found a faded altar of an unknown god.
   929 | D:1      | Reached XP level 3. HP: 29/29 MP: 3/3
  1294 | D:$      | Got out of the dungeon alive.

Illustrated notes

Levels and vault maps discovered:
D:1:      dpeg_arrival_leaves_temple_mockup, layout_basic,
          ebering_ecumenical_altar_abandoned, minmay_hexomino_c4

Action                   || total
-------------------------++-------
Melee: Mace              ||    48
Invok: Berserk           ||     6
  Use: Scroll            ||     1
Armor: Animal skin       ||    12
Dodge: Dodged            ||    30

Table legend: (Time is in decaauts)
 A = Elapsed time spent in this place.
 B = Non-inter-level travel time spent in this place.
 C = Inter-level travel time spent in this place.
 D = Time resting spent in this place.
 E = Time spent auto-exploring this place.
 F = Levels seen in this place.
 G = Mean time per level.
                   A        B        C        D        E       F      G
               +--------+--------+--------+--------+--------+-----+--------+
         Total |   1364 |   1364 |      0 |    795 |    259 |   1 | 1364.0 |
       Dungeon |   1364 |   1364 |      0 |    795 |    259 |   1 | 1364.0 |
               +--------+--------+--------+--------+--------+-----+--------+

Top non-repeatable levels by time:
     D:1: 1364 daAuts
